 Dungeon Crawl Stone Soup version 0.23.2-30-g0e89c35 (webtiles) character file.

Game seed: 14458787619719203145

14 Fang the Skirmisher (level 2, -7/28 HPs)
             Began as a Gargoyle Berserker on June 14, 2019.
             Was a Follower of Trog.
             Mangled by a gnoll
             ... wielding a +0 halberd
              (16 damage)
             ... on level 2 of the Dungeon.
             The game lasted 00:00:54 (199 turns).

Fang the Skirmisher (Gargoyle Berserker)             Turns: 199, Time: 00:00:55

Health: -7/28      AC:  5    Str: 25    XL:     2   Next: 41%
Magic:  2/2        EV: 12    Int: 10    God:    Trog [*.....]
Gold:   29         SH:  0    Dex:  9    Spells: 1/1 levels left

rFire    . . .     SeeInvis .   a - +0 hand axe
rCold    . . .     Gourm    .   (no shield)
rNeg     + . .     Faith    .   b - +0 animal skin
rPois    ∞         Spirit   .   (no helmet)
rElec    +         Reflect  .   (no cloak)
rCorr    +         Harm     .   (no gloves)
MR       .....                  (no boots)
Stlth    ..........             g - amulet of inaccuracy (curse)
HPRegen  0.09/turn              j - ring of resist corrosion
MPRegen  0.08/turn              i - +3 ring of intelligence

@: berserking, very quick
A: negative energy resistance 1, electricity resistance, unbreathing,
petrification resistance, rot immunity, AC +2
a: Berserk, Renounce Religion


You were on level 2 of the Dungeon.
You worshipped Trog.
Trog was aware of your devotion.
You were not hungry.

You visited 1 branch of the dungeon, and saw 2 of its levels.

You collected 29 gold pieces.

Inventory:

Hand Weapons
 a - a +0 hand axe (weapon)
Armour
 b - a +0 animal skin (worn)
Jewellery
 g - a cursed amulet of inaccuracy (around neck)
 i - a +3 ring of intelligence (right hand)
 j - a ring of resist corrosion (left hand)
Scrolls
 d - a scroll of blinking {unknown}
 e - a scroll of fear {unknown}
 h - a scroll of teleportation {unknown}
 k - a scroll of fog {unknown}
Potions
 l - 2 potions of experience {unknown}
Comestibles
 c - 2 rations
 f - 6 chunks of flesh


   Skills:
 + Level 3.5 Fighting
 + Level 2.8 Axes
 + Level 2.5 Armour
 + Level 1.8 Dodging


You had one spell level left.
You didn't know any spells.
Your spell library was empty.

Dungeon Overview and Level Annotations

Branches:
Dungeon (1/15)

Altars:


Innate Abilities, Weirdness & Mutations

You are resistant to torment.
Your stone body is resilient. (AC +2)
You are immune to poison.
You resist negative energy. (rN+)
You are resistant to electric shocks. (rElec)
You can survive without breathing.
You are immune to petrification.
You are immune to rotting.


Message History

You are too injured to fight recklessly!
You are too injured to fight recklessly!
You are too injured to fight recklessly!
You are too injured to fight recklessly!
You are too injured to fight recklessly!
You are too injured to fight recklessly!
You are too injured to fight recklessly!
You are too injured to fight recklessly!
You are too injured to fight recklessly!
A giant cockroach comes into view.
You see here a goblin corpse.
The goblin unwields a +0 hunting sling.
The goblin hits you. The goblin hits you but does no damage.
A red film seems to cover your vision as you go berserk!
You feel yourself moving faster!
You feel mighty!
You feel a lot more hungry. The goblin barely misses you.
You miss the goblin. You hit the goblin. The goblin barely misses you.
The gnoll hits you from afar with a +0 halberd!
Ouch! That really hurt!
You die...

#.#...>.##.
......... 8..
#.....#### ..# #
#.....#..##.##..
#.......s....
#..........#
#..........#
#..((.g....#..
##...†@gg.....
#...(........
#(.†.....b...
#.#.###.##..#
#.#.# .# ..
#.#.# .# . #....
# ... ....


You could see a gnoll, a giant cockroach, 2 goblins and a bat.

Vanquished Creatures
  2 giant cockroaches
  3 goblins
  2 hobgoblins (D:1)
  2 kobolds (D:1)
  A bat (D:1)
  2 rats (D:1)
12 creatures vanquished.

Notes
Turn   | Place    | Note
-------+----------+-------------------------------------------
     0 | D:1      | Fang the Gargoyle Berserker began the quest for the Orb.
     0 | D:1      | Reached XP level 1. HP: 14/14 MP: 1/1
   130 | D:1      | Reached XP level 2. HP: 17/19 MP: 2/2
   186 | D:1      | You fall through a shaft!
   199 | D:2      | Mangled by a gnoll

Action                   || total
-------------------------++-------
Melee: Hand axe          ||    31
Invok: Berserk           ||     1
Armor: Animal skin       ||     7
Dodge: Dodged            ||    24
